 Dungeon Crawl Stone Soup version 0.22-a0-259-gdd11e71 (webtiles) character file.

2307 tilp the Frost Mage (level 9, -5/99 HPs)
             Began as a Merfolk Ice Elementalist on Mar 5, 2018.
             Slain by a hornet (7 damage)
             ... on level 7 of the Dungeon.
             The game lasted 00:20:31 (8361 turns).

tilp the Frost Mage (Merfolk Ice Elementalist)      Turns: 8361, Time: 00:20:32

Health: -5/99      AC: 31    Str:  9    XL:     9   Next: 41%
Magic:  5/12       EV:  2    Int: 17    God:
Gold:   116        SH:  0    Dex: 14    Spells: 6/12 levels left

rFire    . . .     SeeInvis .   r - +4 whip (elec)
rCold    . . .     Gourm    .   (no shield)
rNeg     + + +     Faith    .   (armour currently unavailable)
rPois    +         Spirit   .   (helmet currently unavailable)
rElec    .         Reflect  .   (cloak currently unavailable)
rCorr    +         Harm     .   (gloves currently unavailable)
MR       .....     NoTele   +   (boots currently unavailable)
Stlth    +++.......             (no amulet)
HPRegen  0.26/turn              w - ring of resist corrosion
MPRegen  0.13/turn              (no ring)

@: icy armour, tree-form, slowed, very slow
A: (change form in water), (swift swim), (stealthy swim)
a: no special abilities


You were on level 7 of the Dungeon.
You were very hungry.
You were a tree.
You visited 2 branches of the dungeon, and saw 8 of its levels.

You collected 324 gold pieces.
You spent 208 gold pieces at shops.

Inventory:

Hand Weapons
 l - a +0 hunting sling
 r - a +4 whip of electrocution (weapon)
 s - a +0 spear
 u - a +0 halberd
 v - a +1 dagger of electrocution
Missiles
 e - a tomahawk
 i - 167 stones (quivered)
Armour
 f - a +2 leather armour of fire resistance (melded)
 j - a +0 pair of gloves (melded)
 q - a +0 helmet (melded)
Jewellery
 a - an uncursed ring of fire
 w - a ring of resist corrosion (left branch)
 z - an uncursed amulet of faith
 E - a cursed -3 ring of protection {unknown}
Wands
 p - a wand of digging (6)
Scrolls
 b - a scroll of fear
 g - a scroll of enchant weapon
 h - 2 scrolls of remove curse
 o - a scroll of immolation
 x - a scroll of fog
 y - 2 scrolls of teleportation
 B - a scroll of enchant armour {unknown}
Potions
 d - a potion of berserk rage {unknown}
 k - a potion of haste {unknown}
 n - a potion of resistance
 t - a potion of flight {unknown}
 A - a potion of might
Comestibles
 c - 6 rations
 m - 2 chunks of flesh


   Skills:
 + Level 4.6 Fighting
 - Level 6.9 Polearms
 - Level 5.2 Dodging
 - Level 4.1 Stealth
 - Level 2.0 Spellcasting
 - Level 0.7 Conjurations
 - Level 3.1 Charms
 - Level 10.0 Ice Magic


You had 6 spell levels left.
You knew the following spells:

 Your Spells              Type           Power        Failure   Level  Hunger
a - Freeze                Ice            ####         1%          1    #......
b - Throw Frost           Conj/Ice       ###...       3%          2    ###....
c - Ozocubu's Armour      Chrm/Ice       ###.....     3%          3    ###....


Dungeon Overview and Level Annotations

Branches:
Dungeon (7/15)             Temple (1/1) D:6

Altars:
Ashenzari
Cheibriados
Dithmenos
Elyvilon
Fedhas
Gozag
Hepliaklqana
Kikubaaqudgha
Nemelex Xobeh
Okawaru
Qazlal
Ru
Sif Muna
Trog
Vehumet
Wu Jian
Xom
Yredelemnul
Zin
The Shining One

Shops:
D:4 !   D:7 *


Message History

The hornet stings you but does no damage.
The hornet barely misses you.
The hornet stings you but does no damage.
You hit the hornet.
The hornet is heavily wounded.
The hornet stings you but does no damage. x2
You hit the hornet.
The hornet is heavily wounded.
The hornet stings you but does no damage. x3
You closely miss the hornet.
The hornet is heavily wounded.
The hornet stings you.
* * * LOW HITPOINT WARNING * * *
The hornet stings you but does no damage.
Unknown command.
Okay, then.
You closely miss the hornet.
The hornet is heavily wounded.
The hornet stings you!
You die...

######################..
#...............y.......
#.#######......♣).......
#.# #.###.###......# #.#
#.# #.# ......# #.# #.#
#.# ..#'#.. #.# #.# #.#
..' '.. #.# #.# #.# ..#+
.. ##.#######.###># ...
. ...............# ...
##..#####...####


You could see a hornet.

Vanquished Creatures
  A hippogriff (D:7)
  Eustachio (D:5)
  Menkaure (D:5)
  Edmund (D:5)
  2 ogres
  An orc warrior (D:4)
  3 centaurs
  3 bullfrogs
  A water moccasin zombie (D:7)
  4 wights
  3 howler monkeys
  2 bullfrog zombies
  4 crimson imps
  3 hounds
  A quasit (D:7)
  An iguana (D:4)
  5 orc priests
  An orc wizard (D:5)
  A killer bee zombie (D:5)
  A hound skeleton (D:5)
  Robin (D:2)
  7 adders
  4 gnolls (D:3)
  An ooze (D:7)
  2 adder zombies (D:5)
  A dart slug (D:1)
  5 leopard geckos
  14 orcs
  6 bats
  9 giant cockroaches
  13 goblins
  10 hobgoblins
  13 jackals
  A quokka (D:4)
  2 ball pythons
  3 frilled lizards
  A jackal skeleton (D:4)
  7 kobolds
  A leopard gecko skeleton (D:5)
  A quokka zombie (D:7)
  2 rats
144 creatures vanquished.

Notes
Turn   | Place    | Note
-------+----------+-------------------------------------------
     0 | D:1      | tilp the Merfolk Ice Elementalist began the quest for the Orb.
     0 | D:1      | Reached XP level 1. HP: 13/13 MP: 3/3
   282 | D:1      | Reached XP level 2. HP: 19/19 MP: 1/5
   387 | D:1      | Reached skill level 4 in Ice Magic
   958 | D:1      | Reached XP level 3. HP: 22/24 MP: 4/6
   965 | D:1      | Learned a level 2 spell: Throw Frost
  1110 | D:1      | Learned a level 3 spell: Ozocubu's Armour
  1113 | D:2      | Found a radiant altar of Vehumet.
  1530 | D:2      | Reached skill level 5 in Ice Magic
  1675 | D:2      | Reached XP level 4. HP: 22/30 MP: 3/7
  1915 | D:2      | Noticed Robin
  2087 | D:2      | Killed Robin
  2452 | D:3      | Reached skill level 6 in Ice Magic
  2704 | D:3      | Reached XP level 5. HP: 15/35 MP: 2/8
  3337 | D:3      | Found a shattered altar of Ashenzari.
  3341 | D:3      | Saw a vision of the Shoals and the Spider Nest.
  3341 | D:3      | Noticed a sea snake
  3341 | D:3      | Noticed a sea snake
  3341 | D:3      | Noticed a sea snake
  3341 | D:3      | Noticed a merfolk
  3341 | D:3      | Noticed a centaur
  3341 | D:3      | Noticed a hippogriff
  3341 | D:3      | Noticed a sea snake
  3341 | D:3      | Noticed a redback
  3341 | D:3      | Noticed a redback
  3342 | D:3      | Noticed a merfolk
  3342 | D:3      | Noticed a merfolk
  3342 | D:3      | Noticed a wolf spider
  3797 | D:3      | Found a shadowy altar of Dithmenos.
  3960 | D:4      | Reached skill level 7 in Ice Magic
  4029 | D:4      | Found a sparkling altar of Nemelex Xobeh.
  4037 | D:4      | Reached skill level 1 in Fighting
  4038 | D:4      | Found a bloodstained altar of Trog.
  4038 | D:4      | Found a deep blue altar of Sif Muna.
  4038 | D:4      | Found an iron altar of Okawaru.
  4038 | D:4      | Found a blossoming altar of Fedhas.
  4038 | D:4      | Noticed an ogre
  4154 | D:4      | Reached XP level 6. HP: 41/43 MP: 5/9
  4347 | D:4      | HP: 2/43 [ogre/giant club (12)]
  5106 | D:4      | Found Ocoskiu's Distillery.
  5179 | D:4      | Bought a potion of degeneration for 13 gold pieces
  5179 | D:4      | Bought a potion of might for 52 gold pieces
  5179 | D:4      | Bought a potion of heal wounds for 65 gold pieces
  5179 | D:4      | Bought a potion of lignification for 39 gold pieces
  5179 | D:4      | Bought a potion of curing for 39 gold pieces
  5239 | D:5      | Entered Level 5 of the Dungeon
  5304 | D:5      | Reached XP level 7. HP: 50/52 MP: 10/10
  5323 | D:5      | Reached skill level 5 in Dodging
  5565 | D:5      | Noticed Menkaure
  6062 | D:5      | HP: 2/52 [orc priest/divine providence (13)]
  6270 | D:5      | Found an opulent altar of Gozag.
  6426 | D:5      | Reached XP level 8. HP: 58/58 MP: 11/11
  6442 | D:5      | Noticed Eustachio
  6454 | D:5      | Killed Eustachio
  6655 | D:5      | Killed Menkaure
  6655 | D:5      | Reached skill level 8 in Ice Magic
  6763 | D:5      | Noticed Edmund
  6777 | D:5      | Killed Edmund
  7092 | D:6      | Found a staircase to the Ecumenical Temple.
  7128 | D:6      | Reached skill level 9 in Ice Magic
  7228 | Temple   | Entered the Ecumenical Temple
  7400 | D:6      | Reached skill level 10 in Ice Magic
  7403 | D:6      | Reached skill level 1 in Polearms
  7431 | D:6      | Reached XP level 9. HP: 59/63 MP: 12/12
  7935 | D:6      | Found an ornate altar of the Wu Jian Council.
  8009 | D:6      | Reached skill level 5 in Polearms
  8063 | D:7      | Found Zeoqoc's Assorted Antiques.
  8105 | D:7      | Noticed a two-headed ogre
  8344 | D:7      | Noticed a hornet
  8354 | D:7      | Paralysed by a hornet for 2 turns
  8356 | D:7      | HP: 3/99 [hornet (3)]
  8361 | D:7      | Slain by a hornet

Vault maps used:
D:1:      dpeg_arrival_renting
D:2:      nicolae_overflow_hidden_temple, uniq_robin
D:3:      lemuel_round_altar, st_stairs_12, grunt_ashenzari_visionary
D:4:      grunt_temple_overflow_open, serial_shops,
          nicolae_shop_competitors_out_of_business
D:5:      first_ration, basic_altar, uniq_menkaure, uniq_edmund, uniq_eustachio
D:6:      nicolae_overflow_crystal_walls, minmay_temple_entry_large_hall
D:7:      eat_drink_and_be_merry_uskayaw, serial_shops, shop_fountains,
          nicolae_shop_trees, nicolae_shop_stone, kennysheep_mini_moat,
          nicolae_shop_competitors_out_of_business, kennysheep_generic_room_4
Temple:   hc_temple_tempest_star

Skill      XL: |  1  2  3  4  5  6  7  8  9 |
---------------+----------------------------+-----
Ice Magic      | 4 5 6 7 10 | 10.0
Fighting       | 1 3 4 |  4.6
Dodging        | 4 5 |  5.2
Stealth        | 4 |  4.1
Charms         | 3 |  3.1
Polearms       | 3 6 |  6.9
Spellcasting   | |  2.0
Conjurations   | |  0.7

Action                   |  1- 3 |  4- 6 |  7- 9 || total
-------------------------+-------+-------+-------++-------
Melee: Hand axe          |     7 |       |       ||     7
       Dagger            |    17 |    18 |       ||    35
       Whip              |       |   113 |   195 ||   308
Throw: Stone             |       |     2 |       ||     2
 Cast: Freeze            |    42 |    49 |    37 ||   128
       Ozocubu's Armour  |     2 |     9 |    16 ||    27
       Throw Frost       |       |     2 |     1 ||     3
  Use: Scroll            |       |     4 |     6 ||    10
       Potion            |       |       |     3 ||     3
 Stab: Sleeping          |     5 |     3 |     2 ||    10
  Eat: Chunk             |     3 |    14 |     5 ||    22
       Ration            |       |       |     2 ||     2
Armor: Robe              |    17 |    53 |       ||    70
       Leather armour    |       |       |    82 ||    82
       Skin              |       |       |     9 ||     9
Dodge: Dodged            |    21 |   107 |   180 ||   308

Table legend:
 A = Spawn XP
 B = Non-spawn XP
 C = Spawn XP percentage of total XP
 D = Spawn monster count
 E = Non-spawn monster count
 F = Spawn count percentage of total count
 G = Total turns spent on level
                    A         B        C        D         E        F      G
               +---------+---------+-------+---------+---------+-------+---------
         Total |       0 |    3297 |   0.0 |       0 |     144 |   0.0 |  8361
               +---------+---------+-------+---------+---------+-------+---------
           D:1 |       0 |      36 |   0.0 |       0 |      20 |   0.0 |  1112
           D:2 |       0 |      93 |   0.0 |       0 |      25 |   0.0 |  1396
           D:3 |       0 |     165 |   0.0 |       0 |      29 |   0.0 |  1537
           D:4 |       0 |     426 |   0.0 |       0 |      19 |   0.0 |  1755
           D:5 |       0 |    1009 |   0.0 |       0 |      27 |   0.0 |  1502
           D:6 |       0 |     829 |   0.0 |       0 |      13 |   0.0 |   733
           D:7 |       0 |     739 |   0.0 |       0 |      11 |   0.0 |   227
               +---------+---------+-------+---------+---------+-------+---------
